 Dungeon Crawl Stone Soup version 0.31-a0-656-gb4d89c2 (webtiles) character file.

Game seed: 9083271163470047420

1880539 Ozzieoiler the Axe Maniac (level 26, 186/186 HPs)
             Began as a Minotaur Fighter on Aug 24, 2023.
             Was the Champion of Qazlal.
             Escaped with the Orb
             ... and 3 runes on Aug 30, 2023!
             The game lasted 04:42:33 (55987 turns).

Ozzieoiler the Axe Maniac (Minotaur Fighter)       Turns: 55987, Time: 04:42:34

Health: 186/186    AC: 49    Str: 42      XL:     26   Next: 89%
Magic:  31/31      EV: 21    Int:  4 (5)  God:    Qazlal [******]
Gold:   6082       SH: 39    Dex: 20      Spells: 25/25 levels left

rFire   + . .        o - +11 broad axe of a volcano {freeze, *Rage rPois Will- SInv}
rCold   + + +        K - +5 tower shield "Vaohusmo" {+Blink rC++ Regen+ Stlth-}
rNeg    + . .        Y - +12 plate armour "Puagodgh" {Dex+3 Stlth+}
rPois   +            w - +2 hat "Vuishrofo" {Str+3 Dex+4}
rElec   +            k - +2 cloak
rCorr   .            I - +3 pair of gauntlets of War {Slay+5}
SInv    +            v - +2 pair of boots of Distant Shores {Drain rElec rF+ rC+}
Will    +....        l - amulet of guardian spirit Stlth
                     M - ring "Vazienuh" {rPois rN+ Will+ Str+5}
HPRegen 1.31/turn    E - ring of Salvation {rElec rC+ Str+6 Dex+2}
MPRegen 0.22/turn

%: repel missiles, clarity, guardian spirit
@: no status effects
A: horns 2, retaliatory headbutt, clarity, clumsy 1, deterioration 1, frail 3,
low MP 1, weak 1
0: Orb of Zot
}: 3/15 runes: decaying, serpentine, silver
a: Renounce Religion, Evoke Blink, Upheaval, Elemental Force, Disaster Area


You escaped.
You worshipped Qazlal.
Qazlal was exalted by your worship.
You visited 10 branches of the dungeon, and saw 52 of its levels.
You visited the Abyss 1 time.
You also visited: Sewer.

You collected 7169 gold pieces.
You spent 1087 gold pieces at shops.

Inventory:

Hand Weapons
 o - the +11 broad axe of a volcano (weapon) {freeze, *Rage rPois Will- SInv}
   (You acquired it on level 3 of the Dungeon)

   rPois:     It protects you from poison Will-: It decreases your willpower.
   SInv:      It lets you see invisible.
   *Rage:     It berserks you when you make melee attacks (+20% chance).
Missiles
 A - 3 throwing nets
Armour
 k - a +2 cloak (worn)
 v - the +2 pair of boots of Distant Shores (worn) {Drain rElec rF+ rC+}
   (You found it on level 4 of the Vaults)

   rF+:       It protects you from fire.
   rC+:       It protects you from cold.
   rElec:     It insulates you from electricity.
   Drain:     It drains your maximum health when unequipped.
 w - the +2 hat "Vuishrofo" (worn) {Str+3 Dex+4}
   (You acquired it on level 3 of the Dungeon)

   Str+3:     It affects your strength (+3).
   Dex+4:     It affects your dexterity (+4).
 I - the +3 pair of gauntlets of War (worn) {Slay+5}
   (You bought it in a shop on level 7 of the Dungeon)

   Slay+5:    It affects your accuracy & damage with ranged weapons and melee
   (+5).
 K - the +5 tower shield "Vaohusmo" (worn) {+Blink rC++ Regen+ Stlth-}
   (You took it off a daeva on level 2 of the Abyss)

   rC++:      It greatly protects you from cold.
   +Blink:    It lets you blink.
   Regen+:    It increases your rate of health regeneration.
   Stlth-:    It makes you less stealthy.
 Y - the +12 plate armour "Puagodgh" (worn) {Dex+3 Stlth+}
   (You found it on level 2 of the Orcish Mines)

   Dex+3:     It affects your dexterity (+3).
   Stlth+:    It makes you more stealthy.
Jewellery
 f - an amulet of the acrobat
 l - an amulet of guardian spirit (around neck)
 E - the ring of Salvation (right hand) {rElec rC+ Str+6 Dex+2}
   (You found it on level 5 of the Vaults)

   [ring of strength]

   Str+6:     It affects your strength (+6).
   Dex+2:     It affects your dexterity (+2).
   rC+:       It protects you from cold.
   rElec:     It insulates you from electricity.
 M - the ring "Vazienuh" (left hand) {rPois rN+ Will+ Str+5}
   (You found it on level 5 of the Vaults)

   [ring of poison resistance]

   Str+5:     It affects your strength (+5).
   rPois:     It protects you from poison rN+: It protects you from negative
   energy.
   Will+:     It increases your willpower.
Wands
 p - a wand of iceblast (35)
 t - a wand of polymorph (22)
 C - a wand of flame (103)
 D - a wand of acid (40)
 Q - a wand of paralysis (21)
 U - a wand of mindburst (66)
 W - a wand of digging (54) (quivered)
Scrolls
 a - a scroll of silence
 c - 11 scrolls of enchant weapon
 i - 21 scrolls of teleportation
 j - 8 scrolls of immolation
 m - 9 scrolls of fog
 n - 8 scrolls of poison
 r - 9 scrolls of amnesia
 y - 7 scrolls of brand weapon
 z - 3 scrolls of fear
 F - 3 scrolls of summoning
 J - a scroll of vulnerability
 P - 7 scrolls of revelation
 T - 4 scrolls of enchant armour
 X - 31 scrolls of identify
Potions
 b - 8 potions of enlightenment
 d - 26 potions of curing
 e - 9 potions of attraction
 g - 14 potions of lignification
 h - 14 potions of brilliance
 q - 5 potions of heal wounds
 s - 2 potions of berserk rage
 u - 5 potions of mutation
 x - 10 potions of haste
 G - 7 potions of ambrosia
 L - 6 potions of might
 N - 2 potions of cancellation
 O - 4 potions of resistance
 R - a potion of invisibility
 V - a potion of magic
Miscellaneous
 B - a lightning rod (4/4)
 H - a phial of floods
 Z - a box of beasts


   Skills:
 O Level 27 Fighting
 O Level 27 Axes
 O Level 27 Armour
 * Level 17.1 Dodging
 + Level 6.7 Stealth
 O Level 27 Shields
 + Level 1.9 Unarmed Combat
 * Level 17.2 Invocations
 + Level 4.5 Evocations


You had 25 spell levels left.
You didn't know any spells.
Your spell library contained the following spells:

 Spells                   Type           Power      Damage    Failure   Level
 Foxfire                  Conj/Fire      0%         2x1d4     75%         1
 Kiss of Death            Conj/Necr      0%         2d5       75%         1
 Magic Dart               Conj           0%         1d3       75%         1
 Necrotise                Necr           0%         1d4       75%         1
 Sandblast                Erth           0%         2d4       75%         1
 Slow                     Hex            0%         N/A       75%         1
 Summon Small Mammal      Summ           0%         N/A       75%         1
 Blink                    Tloc           0%         N/A       87%         2
 Call Imp                 Summ           0%         N/A       87%         2
 Cigotuvi's Dreadful Rot  Necr/Pois/Air  0%         N/A       87%         2
 Ensorcelled Hibernation  Hex/Ice        0%         N/A       87%         2
 Lesser Beckoning         Tloc           0%         N/A       87%         2
 Momentum Strike          Conj/Tloc      0%         3d8       87%         2
 Passwall                 Tmut/Erth      0%         N/A       87%         2
 Scorch                   Fire           0%         2d5       87%         2
 Searing Ray              Conj           0%         2d4       87%         2
 Static Discharge         Conj/Air       0%         2-2/arc   87%         2
 Sublimation of Blood     Necr           0%         N/A       87%         2
 Wereblood                Tmut           0%         N/A       87%         2
 Call Canine Familiar     Summ           0%         N/A       98%         3
 Confusing Touch          Hex            0%         N/A       98%         3
 Dazzling Flash           Conj/Hex       0%         N/A       98%         3
 Hailstorm                Conj/Ice       0%         3d3       98%         3
 Ignite Poison            Fire/Tmut/Pois 0%         N/A       98%         3
 Inner Flame              Hex/Fire       0%         N/A       98%         3
 Mephitic Cloud           Conj/Pois/Air  0%         N/A       98%         3
 Ozocubu's Armour         Ice            0%         N/A       98%         3
 Portal Projectile        Hex/Tloc       0%         N/A       98%         3
 Stone Arrow              Conj/Erth      0%         3d7       98%         3
 Summon Guardian Golem    Hex/Summ       0%         N/A       98%         3
 Swiftness                Air            0%         N/A       98%         3
 Teleport Other           Tloc           0%         N/A       98%         3
 Tukima's Dance           Hex            0%         N/A       98%         3
 Vampiric Draining        Necr           0%         2d6       98%         3
 Anguish                  Hex/Necr       0%         N/A       100%        4
 Animate Armour           Summ/Erth      0%         N/A       100%        4
 Cause Fear               Hex            0%         N/A       100%        4
 Dispel Undead            Necr           0%         3d6       100%        4
 Flame Wave               Conj/Fire      0%         2d4       100%        4
 Fulminant Prism          Conj/Hex       0%         3d5       100%        4
 Iskenderun's Mystic Bla  Conj/Tloc      0%         2d3       100%        4
 Olgreb's Toxic Radiance  Pois           0%         N/A       100%        4
 Passage of Golubria      Tloc           0%         N/A       100%        4
 Sticky Flame             Conj/Fire      0%         2d3       100%        4
 Summon Ice Beast         Ice/Summ       0%         N/A       100%        4
 Summon Lightning Spire   Summ/Air       0%         N/A       100%        4
 Agony                    Necr           0%         N/A       100%        5
 Alistair's Intoxication  Tmut/Pois      0%         N/A       100%        5
 Borgnjor's Vile Clutch   Necr/Erth      0%         N/A       100%        5
 Fireball                 Conj/Fire      0%         3d3       100%        5
 Iskenderun's Battlesphe  Conj           0%         2d6       100%        5
 Lee's Rapid Deconstruct  Erth           0%         3d4*      100%        5
 Silence                  Hex/Air        0%         N/A       100%        5
 Summon Forest            Summ/Tloc      0%         N/A       100%        5
 Summon Mana Viper        Hex/Summ       0%         N/A       100%        5
 Yara's Violent Unravell  Hex/Tmut       0%         3d3       100%        5
 Conjure Ball Lightning   Conj/Air       0%         3x3d6     100%        6
 Death Channel            Necr           0%         N/A       100%        6
 Eringya's Noxious Bog    Tmut/Pois      0%         4d6       100%        6
 Plasma Beam              Fire/Air       0%         2x1d10    100%        6
 Simulacrum               Ice/Necr       0%         N/A       100%        6
 Starburst                Conj/Fire      0%         6d3       100%        6
 Summon Cactus Giant      Summ           0%         N/A       100%        6
 Enfeeble                 Hex            0%         N/A       100%        7
 Orb of Destruction       Conj           0%         9d5       100%        7
 Ozocubu's Refrigeration  Ice            0%         4d7       100%        7
 Spellforged Servitor     Conj/Summ      0%         N/A       100%        7
 Summon Hydra             Summ           0%         N/A       100%        7
 Discord                  Hex            0%         N/A       100%        8
 Disjunction              Tloc           0%         N/A       100%        8
 Ignition                 Fire           0%         3d3       100%        8
 Chain Lightning          Conj/Air       0%         N/A       100%        9
 Dragon's Call            Summ           0%         N/A       100%        9
 Fire Storm               Conj/Fire      0%         5d1       100%        9


Dungeon Overview and Level Annotations

Branches:
Dungeon (15/15)            Temple (0/1) D:4            Lair (5/5) D:11
  Swamp (4/4) Lair:3        Snake (4/4) Lair:3        Slime (5/5) Lair:4
    Orc (2/2) D:10            Elf (3/3) Orc:2        Vaults (5/5) D:14
  Crypt (0/3) Vaults:3     Depths (4/4) D:15            Zot (5/5) Depths:4
  Sewer (visited)

Altars:
Ashenzari
Dithmenos
Hepliaklqana
Kikubaaqudgha
Makhleb
Okawaru
Qazlal
Sif Muna
Jiyva
Lugonu

Shops:
D:1 !   D:7 [   D:13 [   Orc:2 =((*(   Elf:1 =   Elf:3 (   Vaults:2 [
Vaults:3 :   Vaults:4 :   Depths:1 [   Depths:4 =:=

Portals:
Hell: Depths:1 Depths:2 Depths:3 Depths:4
Abyss: Depths:1 Depths:3
Pandemonium: Depths:2
Ziggurat: Depths:4
Trove: D:15 (give 5 scrolls of blinking)


Innate Abilities, Weirdness & Mutations

You have a pair of horns on your head.
You reflexively headbutt those who attack you in melee.
You possess an exceptional clarity of mind.
You are clumsy. (Dex -2)
Your body sometimes deteriorates upon taking damage.
You are extremely frail. (-30% HP)
Your magical capacity is low. (-10% MP)
You are weak. (Str -2)


Message History

There is a stone staircase leading down here.
You enter the shallow water.
Moving in this stuff is going to be slow.
An Orb Guardian comes into view.
Your unstable footing causes you to fumble your attack.
You block the Orb Guardian's attack.
You slash the Orb Guardian! You freeze the Orb Guardian.
You headbutt the Orb Guardian.
The Orb Guardian is moderately wounded.
The Orb Guardian splashes around in the water.
You slash the Orb Guardian! You freeze the Orb Guardian.
Your headbutt misses the Orb Guardian.
The Orb Guardian is moderately wounded.
You block the Orb Guardian's attack.
You carve the Orb Guardian like a ham!!!
You freeze the Orb Guardian!!
You kill the Orb Guardian!
Qazlal accepts your kill.
A shadow demon comes into view.
There is a stone staircase leading up here.
You climb upwards.
There is a stone staircase leading down here.
There is an open door here.
There is an escape hatch in the ceiling here.
A mysterious force pulls you upwards. The hatch slams shut behind you.
You hear a shout!
Press: ? - help, v - describe, . - travel The floor.
This square is covered in magical glow.
Unknown command.
You hear a shout!
You hear a shout!
You hear a shout!
An Orb Guardian comes into view.
There is an open door here.
A goblin comes into view. It is wielding a +0 dagger.
The Orb Guardian moves out of view.
There is an open door here.
There is a staircase leading out of the dungeon here.
You have escaped!

#...## #. ### ##.##### ##.
#.##### ########..###.###..
#.##..###...##.....#..##...
##...........)....#..##.g..
#.......#####......#....###
#....####...####.....####..
##.###...○°.○..###'###.....
##.#.....☼@..X..g'.'......⌠
#..###...☼.°...###'###.....
#....####...####.....####..
###.....#####...###...X.###
###.#........##..........
###....###############.
###### ##


You could see an Orb Guardian and a goblin.

Vanquished Creatures
  2 pandemonium lords
  A dread lich (Zot:5)
  4 orbs of fire (Zot:5)
  An ancient lich (Vaults:5)
  2 juggernauts
  Sojobo (Vaults:2)
  Vv (Zot:1)
  Bai Suzhen (Vaults:4)
  12 Killer Klowns
  Vashnia (Snake:3)
  Saint Roka (Vaults:1)
  the Lernaean hydra (Swamp:4)
  5 caustic shrikes (Depths:3)
  2 curse toes
  9 golden dragons
  Nikola (Swamp:2)
  Norris (Elf:3)
  A bone dragon (Depths:1)
  2 electric golems (Zot:5)
  4 liches
  18 tentacled monstrosities
  28 Orb Guardians
  4 deep elf blademasters
  8 acid blobs
  2 Hell Sentinels
  A walking earthen tome (Depths:3)
  6 titans
  4 deep elf master archers (Elf:3)
  4 sphinxes
  11 quicksilver dragons
  A thorn hunter (Swamp:1)
  6 death cobs
  2 tentacled starspawn (Abyss:2)
  11 tengu reavers
  17 storm dragons
  Kirke (Snake:3)
  9 shadow dragons
  Aizul (Snake:1)
  Donald (Snake:3)
  9 draconian knights
  A fenstrider witch (Swamp:2)
  5 azure jellies
  8 fire giants
  13 nagarajas
  5 frost giants
  4 draconian monks
  7 rockslimes
  A fire giant (shapeshifter) (Depths:2)
  A daeva (Abyss:2)
  11 draconian scorchers
  5 deep elf sorcerers
  5 ghost moths
  6 iron dragons
  27 vault wardens
  Louise (Snake:4)
  8 draconian shifters
  2 orc warlords
  4 deep elf elementalists
  A spriggan defender (Depths:4)
  2 draconian stormcallers
  6 draconian annihilators
  7 war gargoyles
  An angel (Abyss:2)
  30 ironbound preservers
  17 very ugly things
  7 formless jellyfish
  9 stone giants
  5 quicksilver oozes
  A vampire knight (Depths:4)
  9 ironbound thunderhulks
  An eleionoma (shapeshifter) (Depths:2)
  9 eleionomae
  7 black draconians
  5 deep elf demonologists
  14 dire elephants
  9 yellow draconians
  8 green draconians
  A dire elephant (shapeshifter) (Depths:2)
  6 red draconians
  3 lorocyprocas
  A minotaur (shapeshifter) (Depths:2)
  5 bunyips
  4 white draconians
  10 deep elf annihilators
  6 spark wasps
  22 purple draconians
  The ghost of PiratePeteNZ the Basher, a journeyman HuFi of Hepliaklqana (Orc:2)
  The ghost of Meiruru the Nimble, a journeyman DjEE of Gozag (D:13)
  14 ettins
  A blizzard demon (Depths:1)
  6 deep elf death magi
  13 crystal guardians
  An entropy weaver (Vaults:1)
  2 fire dragons (shapeshifter)
  11 great orbs of eyes
  3 fire dragons
  19 yaktaur captains
  Snorg (D:10)
  A deep elf high priest (Elf:3)
  24 hydras
  37 vault guards
  3 hell beasts
  A rakshasa (D:15)
  Fannar (D:10)
  5 salamander tyrants
  4 ice dragons
  A jorogumo (shapeshifter) (Vaults:5)
  13 alligators
  A catoblepas (shapeshifter) (Depths:2)
  2 ghost crabs (Swamp:1)
  3 peacekeepers
  24 centaur warriors
  5 spriggan air magi
  4 catoblepae
  9 anacondas
  32 dancing weapons
  An ogre mage (D:15)
  11 ironbound frosthearts
  5 death yaks (Lair:5)
  3 boulder beetles
  3 tengu warriors
  7 deep troll earth magi
  5 two-headed ogres
  A deep troll shaman (D:15)
  8 hell knights
  21 naga warriors
  A demonic crawler (D:14)
  An orc high priest (Orc:2)
  10 shock serpents
  A shock serpent (shapeshifter) (Depths:2)
  21 naga sharpshooters
  3 sun demons
  6 spriggan berserkers
  Sonja (Lair:4)
  A wretched star (Abyss:2)
  A skeletal warrior (D:11)
  A sixfirhy (Abyss:2)
  7 iron trolls
  4 salamander mystics (Snake:3)
  15 deep elf knights
  5 skysharks
  7 goliath frogs
  2 large abominations (Abyss:2)
  3 glowing orange brains
  A spriggan druid (Swamp:1)
  2 quicksilver dragon simulacra (Depths:2)
  12 swamp dragons
  7 wizards
  A lindwurm (shapeshifter) (D:12)
  2 bog bodies
  15 deep elf archers
  3 phantasmal warriors (Vaults:5)
  10 naga ritualists
  81 deep trolls
  8 harpies
  13 lindwurms
  15 ironbound convokers
  32 deep elf pyromancers
  3 necromancers
  A shining eye (Slime:5)
  An orange crystal statue (Depths:3)
  16 mana vipers
  3 orc sorcerers
  8 orc knights
  A faun (shapeshifter) (Depths:2)
  5 will-o-the-wisps
  27 deep elf zephyrmancers
  A tengu skeleton (Vaults:3)
  42 ugly things
  A wolf spider (shapeshifter) (Depths:2)
  22 moths of wrath
  6 salamanders
  5 manticores
  4 cyclopes (D:11)
  14 elephants
  An apocalypse crab (Abyss:2)
  6 guardian serpents
  Maurice (D:10)
  4 smoke demons (Abyss:2)
  An eye of devastation (shapeshifter) (Vaults:5)
  A toenail golem (Zot:1)
  4 molten gargoyles (D:11)
  An orange demon (Abyss:2)
  46 black mambas
  20 vault sentinels
  14 naga magi
  2 unseen horrors
  An efreet (D:13)
  2 gargoyles
  14 cane toads
  2 rime drakes
  49 yaktaurs
  4 freezing wraiths
  3 kobold demonologists
  4 tengu conjurers
  10 komodo dragons
  A yaktaur (shapeshifter) (Depths:2)
  9 trolls
  16 hornets
  4 polar bears
  2 ancient zymes (Abyss:2)
  A meliai (D:11)
  A human skeleton (Vaults:3)
  11 tyrant leeches
  A polar bear (shapeshifter) (Depths:2)
  A bloated husk (Swamp:3)
  A hellwing (Abyss:2)
  A hornet (shapeshifter) (D:15)
  84 slime creatures
  7 saltlings (Orc:2)
  18 blink frogs
  4 dream sheep (Lair:5)
  Sigmund (D:5)
  17 spriggans
  2 wraiths
  A ynoxinul (Abyss:2)
  A culicivora (Vaults:1)
  5 flying skulls (Abyss:2)
  2 vampires
  An elf simulacrum (Vaults:3)
  6 shadows
  4 water elementals
  2 wyverns
  7 air elementals
  68 yaks
  2 starcursed masses (Abyss:2)
  6 basilisks
  A yak (shapeshifter) (D:14)
  3 fire elementals
  A hog (Snake:3)
  4 small abominations (Abyss:2)
  2 steam dragons
  2 redbacks
  A chaos spawn (Abyss:2)
  5 golden eyes (Slime:1)
  4 vampire mosquitoes
  A warg (Orc:2)
  46 nagas
  2 neqoxecs (Abyss:2)
  15 swamp worms
  Duvessa (D:4)
  5 acid dragons
  2 floating eyes (Elf:3)
  8 water moccasins
  10 swamp drakes
  21 orc warriors
  Pargi (Sewer)
  A sky beast (D:6)
  A sky beast (shapeshifter) (Elf:1)
  A black bear (Lair:1)
  4 boggarts
  7 ogres
  8 centaurs
  3 phantoms
  14 bullfrogs
  4 kobold brigands
  2 gnoll sergeants
  4 earth elementals
  3 scorpions
  A glowing shapeshifter simulacrum (Vaults:3)
  4 wights (D:7)
  Dowan (D:4)
  A killer bee (D:11)
  An electric eel (Lair:4)
  3 howler monkeys
  A lava snake (D:11)
  A hound (D:6)
  20 orc priests
  4 jellies
  An iguana (D:4)
  2 iron imps (Abyss:2)
  Jessica (D:3)
  Ijyb (D:3)
  23 orc wizards
  9 hell rats (Lair:3)
  A boggart simulacrum (D:11)
  6 gnolls
  8 adders
  A shadow imp (D:7)
  2 white imps
  2 ufetubi (D:7)
  13 dart slugs
  105 orcs
  5 ball pythons
  10 bats
  9 endoplasms
  12 giant cockroaches
  3 goblins
  6 hobgoblins
  7 quokkas
  A frilled lizard (D:2)
  19 kobolds
  7 rats
  A lurking horror (Abyss:2)
  A spectral weapon (Swamp:1)
  4 starspawn tentacles (Abyss:2)
2238 creatures vanquished.

Vanquished Creatures (others)
  A draconian knight (Depths:4)
  A fire giant (Depths:2)
  An ogre mage (Vaults:5)
  2 spriggans (Swamp:2)
  A deep elf knight (Elf:2)
  A spriggan druid (Swamp:3)
  A goliath frog (Swamp:2)
  An ironbound convoker (Vaults:2)
  A deep elf zephyrmancer (Elf:2)
  A smoke demon (D:14)
  2 bloated husks
  2 hornets (Swamp:2)
  2 humans (Snake:3)
  A boggart (Vaults:1)
  An orc wizard (Orc:2)
  A hobgoblin (D:3)
  5 ball lightnings (Elf:1)
  14 foxfires
39 creatures vanquished.

Grand Total: 2277 creatures vanquished

Notes
Turn   | Place    | Note
-------+----------+-------------------------------------------
     0 | D:1      | Ozzieoiler the Minotaur Fighter began the quest for the
                  | Orb.
     0 | D:1      | Reached XP level 1. HP: 19/19 MP: 0/0
   179 | D:1      | Reached XP level 2. HP: 27/27 MP: 1/1
   337 | D:1      | Found Xocel's Distillery.
   449 | D:1      | Found a faded altar of an unknown god.
   457 | D:1      | Prayed at the altar of an unknown god.
   457 | D:1      | Became a worshipper of Qazlal Stormbringer
   457 | D:1      | Reached * piety under Qazlal
   866 | D:2      | Noticed an ogre
   875 | D:2      | Killed an ogre
   876 | D:2      | Reached XP level 3. HP: 8/34 MP: 2/2
   876 | D:2      | Reached XP level 4. HP: 9/41 MP: 3/3
  1096 | D:2      | Upgraded the game from 0.31-a0-625-gc9c7e45 to
                  | 0.31-a0-627-gd65175c
  1903 | D:2      | Reached XP level 5. HP: 41/47 MP: 2/4
  2027 | D:3      | Reached ** piety under Qazlal
  2028 | D:3      | Reached skill level 5 in Fighting
  2088 | D:3      | Noticed Ijyb
  2113 | D:3      | Killed Ijyb
  2196 | D:3      | Noticed Jessica
  2204 | D:3      | Killed Jessica
  2265 | D:3      | Reached skill level 5 in Axes
  2268 | D:3      | Reached skill level 1 in Dodging
  2293 | D:3      | Reached XP level 6. HP: 15/56 MP: 2/5
  2498 | D:3      | Found a glowing drain.
  2512 | Sewer    | Entered a sewer
  2632 | Sewer    | Noticed Pargi
  2639 | Sewer    | Killed Pargi
  2683 | D:3      | Identified 4 scrolls of acquirement
  2683 | D:3      | Acquired a +1 pair of gloves of strength
  2690 | D:3      | Acquired the +2 hat "Vuishrofo" {Str+3 Dex+4}
  2697 | D:3      | Acquired a manual of Axes
  2699 | D:3      | Acquired the +11 broad axe of a volcano {freeze, *Rage
                  | rPois Will- SInv}
  2737 | D:3      | Reached *** piety under Qazlal
  3003 | D:4      | Noticed Duvessa
  3009 | D:4      | Noticed Dowan
  3010 | D:4      | Killed Duvessa
  3011 | D:4      | Reached skill level 5 in Armour
  3011 | D:4      | Reached XP level 7. HP: 61/61 MP: 4/6
  3012 | D:4      | Killed Dowan
  3250 | D:4      | Found a staircase to the Ecumenical Temple.
  3282 | D:4      | Got the Grimoire of Ashen Jinxing
  3563 | D:5      | Entered Level 5 of the Dungeon
  3580 | D:5      | Noticed Sigmund
  3588 | D:5      | Killed Sigmund
  3743 | D:5      | Reached XP level 8. HP: 70/70 MP: 7/7
  3925 | D:5      | Reached skill level 10 in Axes
  4104 | D:5      | Found a shadowy altar of Dithmenos.
  4362 | D:6      | Reached skill level 1 in Stealth
  4494 | D:6      | Reached **** piety under Qazlal
  4589 | D:6      | Reached XP level 9. HP: 79/79 MP: 8/8
  4831 | D:7      | Reached skill level 5 in Shields
  4879 | D:7      | Found Mubb's Armour Shoppe.
  5606 | D:8      | Reached skill level 15 in Axes
  5905 | D:8      | Reached XP level 10. HP: 90/90 MP: 9/9
  5956 | D:8      | Reached ***** piety under Qazlal
  6660 | D:10     | Entered Level 10 of the Dungeon
  6660 | D:10     | Noticed Snorg
  6666 | D:10     | Killed Snorg
  6711 | D:10     | Noticed Maurice
  6718 | D:10     | Killed Maurice
  6808 | D:10     | Noticed a two-headed ogre
  6815 | D:10     | Killed a two-headed ogre
  6816 | D:10     | Reached skill level 10 in Fighting
  6824 | D:10     | Reached XP level 11. HP: 100/100 MP: 8/10
  6925 | D:10     | Found a staircase to the Orcish Mines.
  7001 | D:10     | Noticed Fannar
  7006 | D:10     | Killed Fannar
  7579 | D:11     | Noticed a two-headed ogre
  7590 | D:11     | Killed a two-headed ogre
  7595 | D:11     | Reached skill level 1 in Evocations
  8072 | D:11     | Found a staircase to the Lair.
  8240 | D:11     | Noticed a two-headed ogre
  8248 | D:11     | Killed a two-headed ogre
  8510 | D:11     | Found a runed translucent door.
  8510 | D:11     | Noticed an orc knight
  8510 | D:11     | Noticed a centaur warrior
  8511 | D:11     | Found a runed translucent door.
  8512 | D:11     | Found a runed translucent door.
  8512 | D:11     | Noticed a purple ugly thing
  8512 | D:11     | Noticed a yaktaur captain
  8519 | D:11     | Killed a centaur warrior
  8525 | D:11     | Killed a yaktaur captain
  8528 | D:11     | Killed an orc knight
  8529 | D:11     | Reached XP level 12. HP: 95/113 MP: 5/11
  9010 | D:11     | Identified the +1 mace "Veal" {venom, Int+3 Dex+2}
  9011 | D:11     | Identified the staff "Foichaos" {rElec rPois Str+2 Int+2
                  | Poison}
  9016 | D:11     | Got the Secrets of Viperous Sinister Magic
  9272 | D:7      | Bought the +3 pair of gauntlets of War {Slay+5} for 712
                  | gold pieces
  9272 | D:7      | Found the +3 pair of gauntlets of War {Slay+5}
  9366 | D:12     | Reached ****** piety under Qazlal
  9888 | D:12     | Acquired a manual of Axes
 10021 | D:13     | Noticed a centaur warrior
 10024 | D:13     | Killed a centaur warrior
 10211 | D:13     | Found Joter's Armour Shop.
 10216 | D:13     | Noticed a centaur warrior
 10219 | D:13     | Killed a centaur warrior
 10266 | D:13     | Found a runed translucent door.
 10268 | D:13     | Noticed Meiruru's ghost (journeyman DjEE)
 10289 | D:13     | Killed Meiruru's ghost
 10363 | D:13     | Noticed a centaur warrior
 10367 | D:13     | Killed a centaur warrior
 10368 | D:13     | Reached skill level 10 in Armour
 10368 | D:13     | Reached skill level 5 in Dodging
 10368 | D:13     | Reached skill level 10 in Shields
 10370 | D:13     | Noticed a two-headed ogre
 10373 | D:13     | Killed a two-headed ogre
 10374 | D:13     | Reached XP level 13. HP: 124/124 MP: 10/12
 10661 | Lair:1   | Entered Level 1 of the Lair of Beasts
 11929 | Lair:3   | Reached skill level 15 in Fighting
 11962 | Lair:3   | Found a staircase to the Swamp.
 12217 | Lair:3   | Found a staircase to the Snake Pit.
 12544 | Lair:3   | Identified the +1 robe of Feotrame {Will- rCorr Dex+4
                  | Slay+3}
 12703 | Lair:4   | Noticed Sonja
 12716 | Lair:4   | Killed Sonja
 12839 | Lair:4   | Found a staircase to the Slime Pits.
 12864 | Lair:4   | Reached XP level 14. HP: 136/136 MP: 13/13
 13081 | Lair:4   | Found a viscous altar of Jiyva.
 13426 | Lair:5   | Entered Level 5 of the Lair of Beasts
 14362 | Lair:5   | Upgraded the game from 0.31-a0-627-gd65175c to
                  | 0.31-a0-631-g285b096
 14566 | D:14     | Noticed an ironbound preserver
 14571 | D:14     | Killed an ironbound preserver
 14624 | D:14     | Found a gate to the Vaults.
 14796 | D:14     | Found an iron altar of Okawaru.
 14833 | D:14     | Reached XP level 15. HP: 142/147 MP: 12/14
 14835 | D:14     | Identified the +6 hand axe of Divine Purpose {protect,
                  | Int+2}
 15040 | D:14     | Upgraded the game from 0.31-a0-631-g285b096 to
                  | 0.31-a0-633-g82435fa
 15053 | D:15     | Entered Level 15 of the Dungeon
 15075 | D:15     | Found a portal to a secret trove of treasure.
 15256 | D:15     | Found a hazy altar of Hepliaklqana.
 15344 | D:15     | Found a staircase to the Depths.
 16019 | Orc:1    | Entered Level 1 of the Orcish Mines
 16165 | Orc:2    | Entered Level 2 of the Orcish Mines
 16165 | Orc:2    | Found a burning altar of Makhleb.
 16566 | Orc:2    | Found Logo's Antique Weapon Shop.
 16604 | Orc:2    | Found a staircase to the Elven Halls.
 16673 | Orc:2    | Found Uphudil's Weapon Shop.
 16698 | Orc:2    | Found Keshoit's Jewellery Boutique.
 16708 | Orc:2    | Found Meda's Weapon Boutique.
 16744 | Orc:2    | Found Ibiopno's Assorted Antiques.
 16926 | Orc:2    | Found a runed translucent gate.
 16926 | Orc:2    | Found a runed translucent gate.
 16927 | Orc:2    | Noticed PiratePeteNZ's ghost (journeyman HuFi)
 16932 | Orc:2    | Found a runed translucent gate.
 16941 | Orc:2    | Killed PiratePeteNZ's ghost
 16944 | Orc:2    | Identified the +12 plate armour "Puagodgh" {Dex+3 Stlth+}
 17315 | Orc:2    | Bought a potion of heal wounds for 150 gold pieces
 17470 | Orc:2    | Bought a scroll of enchant armour for 225 gold pieces
 17653 | Swamp:1  | Entered Level 1 of the Swamp
 17705 | Swamp:1  | Identified the +6 plate armour of Generosity {rPois Int+2}
 17815 | Swamp:1  | Noticed a thorn hunter
 17823 | Swamp:1  | Killed a thorn hunter
 18128 | Swamp:2  | Noticed Nikola
 18446 | Swamp:1  | Reached XP level 16. HP: 160/160 MP: 13/15
 19344 | Swamp:2  | Killed Nikola
 19597 | Swamp:2  | Paralysed by a fenstrider witch for 3 turns
 19604 | Swamp:2  | Reached skill level 15 in Shields
 19883 | Swamp:2  | Identified the +2 leather armour of the Arena {MP+9}
 20687 | Swamp:3  | Identified the orb of Compression {*channel, rF+ Dex+6}
 20772 | Swamp:4  | Entered Level 4 of the Swamp
 21253 | Swamp:4  | Noticed the 27-headed Lernaean hydra
 21258 | Swamp:4  | Killed the 26-headed Lernaean hydra
 21528 | Swamp:4  | Reached XP level 17. HP: 160/171 MP: 13/16
 21540 | Swamp:4  | Got a decaying rune of Zot
 22081 | Snake:1  | Entered Level 1 of the Snake Pit
 22193 | Snake:1  | Noticed Aizul
 22207 | Snake:1  | Killed Aizul
 24491 | Snake:3  | Noticed Donald
 24498 | Snake:3  | Killed Donald
 25209 | Snake:3  | Noticed Vashnia
 25241 | Snake:3  | Noticed Kirke
 25246 | Snake:3  | Killed Vashnia
 25246 | Snake:3  | Killed Kirke
 25247 | Snake:3  | Reached XP level 18. HP: 183/183 MP: 15/17
 26209 | Snake:4  | Entered Level 4 of the Snake Pit
 26371 | Snake:4  | Noticed Louise
 26376 | Snake:4  | Killed Louise
 26377 | Snake:4  | Reached skill level 27 in Axes
 26645 | Snake:4  | Reached skill level 1 in Invocations
 27460 | Snake:4  | Reached skill level 15 in Armour
 27505 | Snake:4  | Got a serpentine rune of Zot
 28195 | Vaults:1 | Entered Level 1 of the Vaults
 28292 | Vaults:1 | Noticed Saint Roka
 28308 | Vaults:1 | Killed Saint Roka
 28642 | Vaults:1 | Reached XP level 19. HP: 195/195 MP: 21/21
 29722 | Vaults:2 | Reached skill level 5 in Invocations
 29722 | Vaults:2 | Noticed Sojobo
 29729 | Vaults:2 | Paralysed by an air elemental for 1 turns
 29743 | Vaults:2 | Found Loum's Armour Shop.
 29773 | Vaults:2 | Paralysed by a great orb of eyes for 2 turns
 30551 | Vaults:2 | Paralysed by an air elemental for 1 turns
 30559 | Vaults:2 | Paralysed by an air elemental for 1 turns
 30565 | Vaults:2 | Killed Sojobo
 31333 | Vaults:3 | Found a staircase to the Crypt.
 31337 | Vaults:3 | Reached XP level 20. HP: 209/209 MP: 22/24
 31525 | Abyss:2  | Cast into level 2 of the Abyss (a wizard)
 31752 | Abyss:2  | Identified the +5 tower shield "Vaohusmo" {+Blink rC++
                  | Regen+ Stlth-}
 31817 | Vaults:3 | Escaped the Abyss
 33178 | Vaults:3 | Found Zyuqayfy's Book Shoppe.
 33825 | Elf:1    | Entered Level 1 of the Elven Halls
 33878 | Elf:1    | Reached XP level 21. HP: 204/221 MP: 22/26
 34451 | Elf:1    | Found Hucoh's Jewellery Emporium.
 34502 | Elf:1    | Paralysed by an air elemental for 1 turns
 34558 | Elf:1    | Paralysed by an air elemental for 1 turns
 34961 | Elf:1    | Upgraded the game from 0.31-a0-633-g82435fa to
                  | 0.31-a0-636-ge1c0e02
 35339 | Elf:2    | Found a runed translucent gate.
 35339 | Elf:2    | Found a runed translucent gate.
 35339 | Elf:2    | Found a runed translucent gate.
 35924 | Elf:3    | Entered Level 3 of the Elven Halls
 35963 | Elf:3    | Found an ancient bone altar of Kikubaaqudgha.
 35965 | Elf:3    | Reached skill level 27 in Fighting
 35968 | Elf:3    | Paralysed by an air elemental for 1 turns
 35975 | Elf:3    | Noticed Norris
 35987 | Elf:3    | Killed Norris
 36223 | Elf:3    | Found Dudyilad's Antique Weapon Shop.
 36461 | Elf:3    | Reached skill level 10 in Invocations
 36617 | Elf:3    | Identified the +4 trident of Cheese {vamp, rElec rN+ Str+3}
 36645 | Elf:3    | Found the +8 Wrath of Trog {antimagic, *Rage Rampage}
 36653 | Elf:3    | Identified the +7 short sword "Ubruogup" {protect, Drain
                  | +Blink rPois Str+2}
 36655 | Elf:3    | Identified the +5 great mace of Fyduwu {drain, rPois rC-
                  | Str+3 Int+2}
 36657 | Elf:3    | Identified the +12 rapier of Imminent Death {freeze, rC+
                  | Int+7 Dex+3}
 36687 | Elf:3    | Identified the +7 quarterstaff of Conservatism {flame, rC-
                  | Will+ Stlth+}
 36723 | Elf:3    | Got the Teachings on Confrontation
 36759 | Elf:3    | Identified the +1 bardiche "Vuesk" {flame, +Blink}
 36825 | Elf:3    | Identified the +1 orcbow "Noxka" {drain, *Corrode +Blink
                  | rElec}
 37337 | Depths:1 | Entered Level 1 of the Depths
 37376 | Depths:1 | Reached XP level 22. HP: 204/233 MP: 24/28
 37398 | Depths:1 | Found a burning altar of Makhleb.
 37424 | Depths:1 | Found Lowuarai's Antique Armour Shop.
 37516 | Depths:1 | Found a corrupted altar of Lugonu.
 37518 | Depths:1 | Found a one-way gate to the infinite horrors of the Abyss.
 37812 | Depths:1 | Found a gateway to Hell.
 38442 | Depths:1 | Upgraded the game from 0.31-a0-636-ge1c0e02 to
                  | 0.31-a0-638-g26219f7
 38647 | Depths:2 | Found a one-way gate leading to the halls of Pandemonium.
 39086 | Depths:2 | Got the Reference Book on Vehement Combustion
 39206 | Depths:2 | Noticed a caustic shrike
 39209 | Depths:2 | a caustic shrike changed into an iron giant
 39732 | Depths:2 | Upgraded the game from 0.31-a0-638-g26219f7 to
                  | 0.31-a0-640-g39d97e5
 39747 | Depths:3 | Noticed a juggernaut
 39769 | Depths:3 | Killed a juggernaut
 40781 | Depths:3 | Found a broken altar of Ashenzari.
 41495 | Depths:3 | Found a shimmering blue altar of Sif Muna.
 41719 | Depths:4 | Entered Level 4 of the Depths
 41719 | Depths:4 | Noticed a caustic shrike
 41719 | Depths:4 | Noticed a caustic shrike
 41719 | Depths:4 | Noticed a caustic shrike
 41720 | Depths:4 | Noticed a caustic shrike
 41721 | Depths:4 | Noticed a caustic shrike
 41727 | Depths:3 | Killed a caustic shrike
 41731 | Depths:3 | Killed a caustic shrike
 41740 | Depths:3 | Killed a caustic shrike
 41743 | Depths:3 | Killed a caustic shrike
 41746 | Depths:3 | Killed a caustic shrike
 42136 | Depths:4 | Found Leycwa's Jewellery Shop.
 42136 | Depths:4 | Found Vamn's Book Shoppe.
 42137 | Depths:4 | Found Aruad's Jewellery Shop.
 42165 | Depths:4 | Found a one-way gateway to a ziggurat.
 42188 | Depths:4 | Noticed a juggernaut
 42196 | Depths:4 | Killed a juggernaut
 42199 | Depths:4 | Reached XP level 23. HP: 213/240 MP: 25/30
 42585 | Depths:4 | Found a gate to the Realm of Zot.
 42616 | Depths:4 | Reached skill level 27 in Shields
 43717 | Vaults:4 | Identified the +2 pair of boots of Distant Shores {Drain
                  | rElec rF+ rC+}
 43808 | Vaults:4 | Noticed Bai Suzhen
 43817 | Vaults:4 | Killed Bai Suzhen
 44413 | Vaults:4 | Identified the +0 leather armour of Action {Dex+3}
 44561 | Vaults:4 | Found Piwogitelea's Book Shop.
 44647 | Vaults:5 | Entered Level 5 of the Vaults
 44671 | Vaults:5 | Noticed an ancient lich
 44685 | Vaults:5 | Killed an ancient lich
 44739 | Vaults:5 | Reached XP level 24. HP: 249/249 MP: 29/31
 44794 | Vaults:5 | Identified the +10 scimitar of the Curious Mystics {freeze,
                  | Stlth+}
 44836 | Vaults:5 | Identified the ring of Ovitil {rPois rF+ AC+4 Str-4}
 44848 | Vaults:5 | Reached skill level 10 in Dodging
 45119 | Vaults:5 | Identified the staff of the Poles {rElec Will+ Air}
 45271 | Vaults:5 | Got a silver rune of Zot
 45279 | Vaults:5 | Identified the ring of Salvation {rElec rC+ Str+6 Dex+2}
 45375 | Vaults:5 | Found the +3 Mad Mage's Maulers {Infuse+∞ VampMP -Cast}
 45393 | Vaults:5 | Identified the +4 hand axe of Wisdom {flame, *Corrode rF+
                  | rC+ rN++}
 46176 | Vaults:5 | Got the Guidebook on the Shifting Dragon
 46312 | Vaults:5 | Paralysed by a great orb of eyes for 3 turns
 46513 | Vaults:5 | Identified the +5 war axe of Rugileg {flame, *Noise rPois
                  | rF++ Int-4}
 46739 | Vaults:5 | Identified the staff of the Delightful God {rElec rPois
                  | Poison}
 46922 | Vaults:5 | Identified the ring "Vazienuh" {rPois rN+ Will+ Str+5}
 47064 | Vaults:5 | Identified the +1 long sword of Sainamp {flame, rPois rF+
                  | Dex+5 Stlth+}
 47115 | Vaults:5 | Identified the staff of Disharmony {+Blink rPois rCorr
                  | Dex+3 Poison}
 47496 | Slime:1  | Entered Level 1 of the Pits of Slime
 48603 | Slime:1  | Upgraded the game from 0.31-a0-640-g39d97e5 to
                  | 0.31-a0-643-g9d45dd1
 49567 | Slime:5  | Entered Level 5 of the Pits of Slime
 49835 | Slime:5  | Gained mutation: You are clumsy. (Dex -2) [a shining eye]
 49916 | Slime:5  | Reached XP level 25. HP: 257/257 MP: 32/32
 50496 | Zot:1    | Entered Level 1 of the Realm of Zot
 50514 | Zot:1    | Upgraded the game from 0.31-a0-643-g9d45dd1 to
                  | 0.31-a0-655-gf2d5465
 50946 | Zot:1    | Noticed Vv
 50963 | Zot:1    | Killed Vv
 52119 | Zot:3    | Noticed a Killer Klown
 52127 | Zot:3    | Killed a Killer Klown
 52370 | Zot:3    | Noticed a Killer Klown
 52374 | Zot:3    | Killed a Killer Klown
 52446 | Zot:3    | Reached skill level 27 in Armour
 52454 | Zot:3    | Noticed a Killer Klown
 52461 | Zot:3    | Killed a Killer Klown
 53011 | Zot:3    | Upgraded the game from 0.31-a0-655-gf2d5465 to
                  | 0.31-a0-656-gb4d89c2
 53610 | Zot:4    | Reached skill level 15 in Invocations
 53644 | Zot:4    | Reached XP level 26. HP: 226/266 MP: 28/33
 53658 | Zot:4    | Reached skill level 5 in Stealth
 54018 | Zot:5    | Entered Level 5 of the Realm of Zot
 54563 | Zot:5    | Noticed a dread lich
 54565 | Zot:5    | Paralysed by a dread lich for 4 turns
 54573 | Zot:5    | Killed a dread lich
 54673 | Zot:5    | Noticed an orb of fire
 54675 | Zot:5    | Noticed an orb of fire
 54680 | Zot:5    | Gained mutation: You have hidden genetic defects. [an orb
                  | of fire]
 54682 | Zot:5    | Gained mutation: Your magical capacity is low. (-10% MP)
                  | [an orb of fire]
 54684 | Zot:5    | Noticed an orb of fire
 54688 | Zot:5    | Noticed an orb of fire
 54690 | Zot:5    | Killed an orb of fire
 54699 | Zot:5    | Reached skill level 15 in Dodging
 54720 | Zot:5    | Killed an orb of fire
 54726 | Zot:5    | Killed an orb of fire
 54727 | Zot:5    | Reached skill level 1 in Unarmed Combat
 54731 | Zot:5    | Killed an orb of fire
 55052 | Zot:5    | Gained mutation: You are weak. (Str -2) [hidden defects]
 55241 | Zot:5    | Gained mutation: You possess an exceptional clarity of
                  | mind. [mutagenic glow]
 55257 | Zot:5    | Gained mutation: You are frail. (-10% HP) [mutagenic glow]
 55268 | Zot:5    | Gained mutation: You are very frail. (-20% HP) [mutagenic
                  | glow]
 55317 | Zot:5    | Got the Orb of Zot
 55324 | Zot:5    | Noticed a seraph
 55331 | Zot:5    | Identified the +9 tower shield of Experimentation {Rampage
                  | rF+}
 55546 | Depths:2 | Noticed Goopt the pandemonium lord
 55565 | Depths:1 | Killed Goopt the pandemonium lord
 55643 | D:15     | Noticed Piptoytzi the pandemonium lord
 55669 | D:14     | Killed Piptoytzi the pandemonium lord
 55684 | D:14     | Noticed Jamy the pandemonium lord
 55725 | D:12     | Gained mutation: Your body sometimes deteriorates upon
                  | taking damage. [hidden defects]
 55725 | D:12     | Lost mutation: You have hidden genetic defects. [hidden
                  | defects expressed]
 55743 | D:11     | Noticed Tuzoew the pandemonium lord
 55764 | D:10     | Gained mutation: You are extremely frail. (-30% HP) [a
                  | neqoxec]
 55878 | D:6      | Noticed Geitam the pandemonium lord
 55987 | D:$      | Escaped with the Orb!

Illustrated notes

Levels and vault maps discovered:
D:1:      elethiomel_arrival_infinity_welcomes_careful_drivers,
          layout_loops_ring, hellmonk_ecumenical_altar_lost_god, serial_shops,
          nicolae_shop_tiny_statue_garden, minmay_quantized
D:2:      minmay_roachtagon, layout_basic, nrook_mini_backslash
D:3:      kennysheep_slugbush, layout_basic, portal_sewer_entry_b, uniq_ijyb,
          uniq_jessica
D:4:      layout_rooms, temple_fountains, uniq_duvessa
D:5:      layout_basic, lemuel_coloured_pillars_altar,
          kennysheep_big_empty_room, hangedman_decor_peaks_small,
          kennysheep_dice, uniq_sigmund
D:6:      layout_rooms, lemuel_flamethrower_1
D:7:      layout_loops_ring, serial_shops, shop
D:8:      layout_gridville
D:9:      layout_basic, dk_noncrumbling_3, worms_lemuel
D:10:     layout_loops_corners, hiddenorc2_lemuel, uniq_fannar, uniq_snorg,
          uniq_maurice
D:11:     minmay_the_grid_triangle_9x9_recursive_3
          [minmay_the_grid_triangle_9x9_fully_insulated_deathbox,
          minmay_the_grid_triangle_9x9_pentomino_pain,
          minmay_the_grid_triangle_9x9_stretched_checkered,
          minmay_the_grid_triangle_9x9_prize_insulated,
          minmay_the_grid_triangle_9x9_zippers_horizontal,
          minmay_the_grid_triangle_9x9_from_above,
          minmay_the_grid_triangle_9x9_dagger,
          minmay_the_grid_triangle_9x9_descending_squares,
          minmay_the_grid_triangle_9x9_longest], layout_loops_cross,
          grunt_lair_entry_orc_guard_hut, minivault_8
D:12:     layout_irregular_city
D:13:     layout_roguey, serial_shops, nicolae_shop_statue_plus,
          ebering_ghost_inner_flame
D:14:     layout_rooms, skrybe_vaults_entry_preservation,
          okawaru_ov_weapons_minmay
D:15:     hellmonk_depths_entry_around_the_bend, layout_basic,
          nicolae_hepliaklqana_hazy_memory, enter_trove_1, nrook_mini_vaults
Lair:1:   wad_woods_04, layout_cave_pods
Lair:2:   layout_regular_city, chequers_serial_rivers_micro_c,
          serial_bayou_shore_b, infiniplex_staircase_pool_2, grunt_megastairs_1
Lair:3:   layout_regular_city, skrybe_swamp_entry_bodies, dummy_snake_entry
Lair:4:   layout_misc_corridors, minmay_slime_entry_pillars,
          guppyfry_lair_drakes, serial_bayou_shore_a, uniq_sonja
Lair:5:   evilmike_catoblepas_cave, layout_loops_ring, hibernation_bobbens
Swamp:1:  cheibrodos_swamp_tower_of_moss, layout_falls_marsh,
          nicolae_swamp_tree_designs
Swamp:2:  layout_basic_swamp, evilmike_swamp_ruin_house_4,
          nicolae_swamp_baby_hydras, uniq_nikola
Swamp:3:  layout_basic_swamp, evilmike_swamp_ruin_house_1
Swamp:4:  swamp_old_school, layout_basic_swamp, swamp_pool2
Snake:1:  layout_chambers, uniq_aizul
Snake:2:  kennysheep_six_static_rooms, layout_chambers, serial_bayou_shore_b
Snake:3:  layout_chambers, uniq_kirke, uniq_donald, uniq_vashnia
Snake:4:  grunt_snake_rune_spirals, layout_onion_interference,
          serial_bayou_pond_c, uniq_louise
Slime:1:  cheibrodos_slime_lost_civilization_3, layout_caves
Slime:2:  cheibrodos_slime_lost_civilization_8, layout_caves
Slime:3:  layout_caves
Slime:4:  layout_caves
Slime:5:  slime_pit_nicolae_royal_road_to_ruin
Orc:1:    layout_diamond_mine
Orc:2:    hellmonk_orc_salted, layout_caves, ebering_ghost_rock_garden,
          serial_shops, nicolae_shop_hallway_plus, basic_altar, mines2_david
Elf:1:    nicolae_elf_arrival_aired_out, layout_gridlike, serial_shops,
          nicolae_shop_gaudy_bauble, serial_aquarium,
          aquarium_bridge_long_separate [aquarium_subvault_bridge,
          aquarium_subvault_window, aquarium_subvault_wall,
          aquarium_subvault_balcony, aquarium_subvault_wall,
          aquarium_subvault_bridge], aquarium_bridge_straight
          [aquarium_subvault_bridge, aquarium_subvault_wall,
          aquarium_subvault_bridge, aquarium_subvault_window],
          aquarium_window_fake, aquarium_window_corridor_1,
          aquarium_window_corner, aquarium_view_2f, aquarium_balcony_3b,
          hangedman_elf_represent, nicolae_elf_v_pinch
Elf:2:    elven_hall_of_blades_hangedman_original [grunt_blade_entry_basic],
          layout_rooms, patterned_corridor
Elf:3:    minmay_elf_hall, layout_loops_cross, basic_altar, serial_shops,
          nicolae_shop_tiny_glass, onia_ninara_cookie, uniq_norris
Vaults:1: v_misc_18, ontoclasm_vaults_bender,
          nicolae_vaults_offset_grid_hallway_2, vaults_room_pools, v_rooms_4,
          nicolae_vaults_storage_closets_2, grunt_vaults_diagonal,
          nicolae_vaults_specimen_jars, vaults_room_door_hall,
          nicolae_vaults_tetromino_L_1, layout_vaults_quadrants, uniq_saint_roka
Vaults:2: nicolae_vaults_wine_cellar, v_misc_4, st_lines,
          nicolae_vaults_layer_cake_slice, v_rooms_4, ontoclasm_vaults_chip,
          grunt_vaults_hallway_short, hangedman_vaults_locks,
          nicolae_vaults_taking_the_gang_shopping,
          nicolae_vaults_lightning_bolt, nicolae_vaults_tangram_1,
          vaults_dpeg_diagonal, vaults_dpeg_encased_lava,
          nicolae_vaults_tetromino_Z_1, layout_vaults_maze_snakey, uniq_sojobo
Vaults:3: vaults_mumra_minichess, v_misc_8, minmay_crypt_entry_nasty_monster,
          nicolae_vaults_spaceships, vaults_mumra_hex, ontoclasm_vaults_spin,
          nicolae_vaults_border_crossing, v_misc_11, nicolae_vaults_two_Ls,
          nicolae_vaults_little_squares_2, hangedman_vaults_stretched_pinwheel,
          v_misc_23, nicolae_vaults_tetromino_T_1, ontoclasm_vaults_tryst,
          nicolae_vaults_display_case, nicolae_vaults_two_Ls,
          layout_vaults_omnicross, serial_shops, nicolae_shop_getting_attention
Vaults:4: nicolae_vaults_mitosis, nicolae_vaults_diamond_1, v_misc_4,
          hangedman_vaults_stitches, nicolae_vaults_ring_of_whatevers,
          nicolae_vaults_house_2, nicolae_vaults_tetromino_L_1,
          nicolae_vaults_tetromino_Z_1, ontoclasm_vaults_shuriken,
          nicolae_vaults_shelves_hall, nicolae_vaults_windows_and_doors_thing,
          layout_vaults_big_room, serial_shops, nicolae_book_shop_shelving,
          uniq_bai_suzhen
Vaults:5
Depths:1: layout_gridlike, grunt_mini_vestibule, abyss_entry_flame_altar,
          serial_shops, shop_statue, hangedman_abyss_or_decor_clamps,
          grunt_ministairs_11, makhleb_altar_promises_db, serial_bayou_shore_b,
          firewood_loft
Depths:2: hangedman_crystal_crosses_colossus [crystal_crosses_arms_four,
          crystal_crosses_arms_four, crystal_crosses_arms_two,
          crystal_crosses_arms_one], hell_entry, pan_entry
Depths:3: minmay_crystal_thing, layout_basic, pf_coc_iceberg, abyss_entry,
          nicolae_ashenzari_skybound
Depths:4: grunt_zot_entry_bicorn, layout_gridville, enter_ziggurat_b,
          hell_entry, minmay_shop_grove
Zot:1:    kennysheep_room_grid, layout_gridlike, grunt_ministairs_13, uniq_vv
Zot:2:    layout_basic
Zot:3:    cheibrodos_zot_enchanting_chambers, layout_misc_corridors,
          grunt_megastairs_2
Zot:4:    layout_gridlike
Zot:5:    layout_cathedral_of_symmetry

Skill      XL: |  1  2  3  4  5  6  7  8  9 10 11 12 13 14 15 16 17 18 19 20 21 22 23 24 25 26 |
---------------+-------------------------------------------------------------------------------+-----
Fighting       | 4 5 6 7 8 10 12 14 15 17 19 20 21 23 24 26 27 | 27.0
Armour         | 4 5 6 7 8 10 11 12 13 14 15 16 18 21 24 27 | 27.0
Axes           | 3 4 5 6 9 13 16 18 19 20 22 24 25 26 27 | 27.0
Shields        | 4 5 6 7 10 11 13 14 16 17 19 20 21 24 26 27 | 27.0
Dodging        | 1 2 3 4 5 6 9 11 13 17 | 17.1
Stealth        | 1 2 3 4 6 |  6.7
Evocations     | 1 2 3 4 |  4.5
Invocations    | 4 6 8 10 11 12 13 15 17 | 17.2
Unarmed Combat | 1 |  1.9

Action                     |  1- 3 |  4- 6 |  7- 9 | 10-12 | 13-15 | 16-18 | 19-21 | 22-24 | 25-27 || total
---------------------------+-------+-------+-------+-------+-------+-------+-------+-------+-------++-------
  Melee: War axe           |    42 |   106 |       |       |       |       |       |       |       ||   148
         Headbutt          |     7 |    13 |    13 |    54 |   140 |   164 |   230 |   312 |   233 ||  1166
         Broad axe         |       |    14 |   139 |   244 |   557 |   695 |   929 |   936 |   708 ||  4222
         Unarmed           |       |       |       |       |       |       |       |       |     2 ||     2
 Invoke: Upheaval          |       |       |       |       |       |       |     1 |     1 |       ||     2
         Disaster Area     |       |       |       |       |       |       |       |       |     1 ||     1
Ability: Evoke Blink       |       |       |       |       |       |       |       |     1 |       ||     1
  Evoke: Wand              |       |       |       |     4 |       |     9 |     5 |     2 |     7 ||    27
    Use: Potion            |     1 |       |       |       |       |     2 |     2 |     1 |    19 ||    25
         Scroll            |       |     5 |    13 |    10 |    11 |     2 |     4 |     4 |     6 ||    55
   Stab: Petrified         |       |       |       |       |     3 |       |       |       |       ||     3
         Invisible         |       |       |       |       |       |    11 |       |       |     2 ||    13
         Confused          |       |       |       |       |       |     2 |       |       |       ||     2
 Armour: Scale mail        |    14 |   102 |     4 |       |       |       |       |       |       ||   120
         Chain mail        |       |       |    24 |    34 |       |       |       |       |       ||    58
         Plate armour      |       |       |       |    16 |   211 |   322 |   269 |   351 |   175 ||  1344
         Skin              |       |       |       |       |       |       |       |       |     1 ||     1
  Dodge: Dodged            |    29 |    59 |    49 |    51 |   134 |   218 |   214 |   276 |   196 ||  1226
         Repelled          |       |       |       |     3 |     4 |    32 |    16 |    25 |    22 ||   102
  Block: Buckler           |    13 |    55 |    49 |       |       |       |       |       |       ||   117
         Kite shield       |       |       |    14 |   161 |   509 |   817 |   351 |       |       ||  1852
         Reflection        |       |       |       |       |       |    26 |    60 |       |       ||    86
         Other             |       |       |       |       |       |     2 |       |       |     1 ||     3
         Tower shield      |       |       |       |       |       |       |   692 |  1258 |   845 ||  2795

Table legend: (Time is in decaauts)
 A = Elapsed time spent in this place.
 B = Non-inter-level travel time spent in this place.
 C = Inter-level travel time spent in this place.
 D = Time resting spent in this place.
 E = Time spent auto-exploring this place.
 F = Levels seen in this place.
 G = Mean time per level.
                   A        B        C        D        E       F      G
               +--------+--------+--------+--------+--------+-----+--------+
         Total |  58469 |  55339 |   3130 |  11220 |  17989 |  54 | 1082.8 |
       Dungeon |  13651 |  12437 |   1214 |   1252 |   6811 |  15 |  910.1 |
          Lair |   4627 |   3975 |    652 |    179 |   2773 |   5 |  925.4 |
         Swamp |   4833 |   4748 |     85 |   2009 |   1271 |   4 | 1208.2 |
     Snake Pit |   6136 |   5780 |    356 |    981 |   2566 |   4 | 1534.0 |
    Slime Pits |   2577 |   2577 |      0 |   1086 |    361 |   5 |  515.4 |
  Orcish Mines |   1715 |   1502 |    213 |    233 |    460 |   2 |  857.5 |
   Elven Halls |   3519 |   3472 |     47 |    246 |    706 |   3 | 1173.0 |
        Vaults |   9494 |   9231 |    263 |   2215 |   1582 |   5 | 1898.8 |
        Depths |   6279 |   5983 |    296 |   1955 |   1181 |   4 | 1569.8 |
           Zot |   5147 |   5147 |      0 |    903 |    275 |   5 | 1029.4 |
         Abyss |    315 |    315 |      0 |     56 |      0 |   1 |  315.0 |
         Sewer |    172 |    172 |      0 |    100 |      0 |   1 |  172.0 |
               +--------+--------+--------+--------+--------+-----+--------+

Top non-repeatable levels by time:
Vaults:5: 2608 daAuts
Depths:3: 2360 daAuts
Vaults:3: 2206 daAuts
 Swamp:1: 2014 daAuts
    D:11: 1938 daAuts
 Snake:3: 1884 daAuts
Vaults:2: 1801 daAuts
 Snake:4: 1692 daAuts
   Zot:4: 1583 daAuts
Vaults:1: 1484 daAuts
   Orc:2: 1475 daAuts
Depths:2: 1420 daAuts
 Snake:2: 1407 daAuts
Vaults:4: 1393 daAuts
Depths:1: 1329 daAuts
